 Dungeon Crawl Stone Soup version 0.32-a0-814-g0968bab981 (webtiles) character file.

Game seed: 11461466330348169310

32 CromulentBort the Chiller (level 3, 30/30 HPs)
             Began as a Naga Ice Elementalist on Mar 22, 2024.
             Got out of the dungeon alive.
             The game lasted 00:04:37 (1561 turns).

CromulentBort the Chiller (Naga Ice Elementalist)   Turns: 1561, Time: 00:04:38

Health: 30/30      AC:  2    Str: 10    XL:     3   Next: 27%
Magic:  6/6        EV:  8    Int: 17    God:
Gold:   110        SH:  0    Dex: 11    Spells: 2/6 levels left

rFire   . . .        d - +0 hand axe
rCold   . . .        (no shield)
rNeg    . . .        a - +0 robe
rPois   +            (no helmet)
rElec   .            (no cloak)
rCorr   .            (no gloves)
SInv    +            (no barding)
Will    .....        (no amulet)
Stlth   ++           h - ring of wizardry
HPRegen 0.25/turn    (no ring)
MPRegen 0.10/turn

%: wizardry (x1)
@: very slow
A: AC +1, large, see invisible, deformed body, poison resistance, slowness 2,
spit poison 1, naga tail 1
a: Spit Poison


You escaped.
You visited 1 branch of the dungeon, and saw 3 of its levels.

You collected 128 gold pieces.
You spent 18 gold pieces at shops.

Inventory:

Hand Weapons
 d - a +0 hand axe (weapon)
 o - a +0 rapier
Armour
 a - a +0 robe (worn)
Jewellery
 h - a ring of wizardry (left hand)
Scrolls
 c - a scroll of blinking {unknown}
 e - a scroll of amnesia {unknown}
 i - 2 scrolls of identify {unknown}
 k - a scroll of immolation {unknown}
Potions
 b - 2 potions of magic
 f - a potion of lignification
 g - a potion of might {unknown}
 j - a potion of mutation {unknown}
 l - a potion of cancellation {unknown}
 m - a potion of invisibility {unknown}
 n - a potion of degeneration {unknown}


   Skills:
 - Level 0.8 Fighting
 - Level 0.2 Axes
 - Level 1.5 Dodging
 - Level 3.2 Stealth
 - Level 2.0 Spellcasting
 * Level 4.8 Ice Magic


You had 2 spell levels left.
You knew the following spells:

 Your Spells              Type           Power      Damage    Failure   Level
a - Freeze                Ice            72%        1d8       1%          1
b - Frozen Ramparts       Ice            36%        1d6       3%          3

Your spell library contained the following spells:

 Spells                   Type           Power      Damage    Failure   Level
 Ozocubu's Armour         Ice            18%        N/A       3%          3
 Summon Ice Beast         Ice/Summ       9%         N/A       9%          3


Dungeon Overview and Level Annotations

Branches:
Dungeon (3/15)

Altars:

Shops:
D:1 *


Innate Abilities, Weirdness & Mutations

Your serpentine skin is tough. (AC +1)
You have supernaturally acute eyesight. (SInv)
Armour fits poorly on your strangely shaped body.
Your system is resistant to poisons. (rPois)
You cover ground very slowly.
You can spit poison.
You have a snake-like lower body.


Message History

No target in view!
You now have 110 gold pieces (gained 15).
Found a scale mail.
No target in view!
Found a mace.
No target in view!
Done exploring.
Done exploring.
Done exploring.
There is a stone staircase leading down here.
You climb downwards.
There is a stone staircase leading up here.
Unknown command.
Found a rapier.
You see here a ring of see invisible.
Found a stone staircase leading down.
You see here a +0 rapier.
o - a +0 rapier
h - a ring of wizardry (left hand)
Okay, then.
This spell is dangerous to cast!
You start memorising the spell.
You continue memorising. x3
You finish memorising.
Spell assigned to 'b'.
Okay, then.
Welcome back, CromulentBort the Naga Ice Elementalist.
Press ? for a list of commands and other information.
There is a stone staircase leading up here.
You climb upwards.
There is a stone staircase leading down here.
You see here a +0 leather armour.
You see here a hobgoblin skeleton.
There is a stone staircase leading up here.
You climb upwards.
There is a stone staircase leading down here.
Okay, then.
Okay, then.
You see here a quokka skeleton.
You see here a +0 hand axe.
There is a staircase leading out of the dungeon here.
You have escaped!

#......##..############
#.........#P≈≈≈≈≈≈≈≈≈P#
###.....###.P~~≈≈≈≈~P.#
#....#### #..P≈≈≈~≈P..#
#.#..# #...P~≈~P...#
#.#..#### #....P~P....#
..#.....# #.....P.....#
###...(.###...........##
###.....#.......@......#
.##.#.#...#............#
....#.#..##.....P......#
....#.##.##....P~P.....#
###....#..#...P~~≈P....#
#....##.#..P~~≈≈~P...#
#.#..##...P~~~≈≈~≈P..#
#.#..###.P~≈≈≈≈≈≈~~P.#
#.##.....###########.#


There were no monsters in sight!

Vanquished Creatures
  7 bats
  2 endoplasms (D:2)
  A giant cockroach (D:1)
  3 goblins
  3 hobgoblins
  3 jackals (D:2)
  3 kobolds (D:1)
  2 quokkas
  A ball python (D:1)
  2 frilled lizards (D:1)
  A rat (D:2)
28 creatures vanquished.

Notes
Turn   | Place    | Note
-------+----------+-------------------------------------------
     0 | D:1      | CromulentBort the Naga Ice Elementalist began the quest for
                  | the Orb.
     0 | D:1      | Reached XP level 1. HP: 15/15 MP: 3/3
   169 | D:1      | Reached XP level 2. HP: 7/24 MP: 3/5
   565 | D:1      | Found Cythuylu's Assorted Antiques.
   568 | D:1      | Bought a sedimented purple potion for 18 gold pieces
   947 | D:2      | Reached XP level 3. HP: 20/30 MP: 0/6
  1468 | D:3      | Learned a level 3 spell: Frozen Ramparts
  1561 | D:$      | Got out of the dungeon alive.

Illustrated notes

Levels and vault maps discovered:
D:1:      eino_arrival_druids_welcome, layout_rooms, serial_shops,
          nicolae_shop_trees, kennysheep_doodads, minmay_misc_feat_x
D:2:      layout_loops_ring
D:3:      layout_basic, nicolae_yredelemnul_ghost_church,
          nicolae_elevator_lobby_plus

Action                     || total
---------------------------++-------
  Melee: Hand axe          ||    78
         Unarmed           ||     5
   Cast: Freeze            ||    12
Ability: Spit Poison       ||     5
    Use: Potion            ||     1
   Stab: Sleeping          ||     6
 Armour: Robe              ||    90
         Skin              ||     1
  Dodge: Dodged            ||    77

Table legend: (Time is in decaauts)
 A = Elapsed time spent in this place.
 B = Non-inter-level travel time spent in this place.
 C = Inter-level travel time spent in this place.
 D = Time resting spent in this place.
 E = Time spent auto-exploring this place.
 F = Levels seen in this place.
 G = Mean time per level.
                   A        B        C        D        E       F      G
               +--------+--------+--------+--------+--------+-----+--------+
         Total |   1967 |   1886 |     81 |      0 |   1496 |   3 |  655.7 |
       Dungeon |   1967 |   1886 |     81 |      0 |   1496 |   3 |  655.7 |
               +--------+--------+--------+--------+--------+-----+--------+

Top non-repeatable levels by time:
     D:1: 1037 daAuts
     D:2: 891 daAuts
     D:3: 38 daAuts
